NYP
ABERDEEN IRONBIRDS @ LOS ANGELES (NYP) ANGELS
08/17/2045
 
TOP OF THE 1ST
Aberdeen Ironbirds batting - Pitching for Los Angeles (NYP) Angels : RHP Tim Anderson
Pitching: RHP Tim Anderson
Batting: LHB Eric Jackson 0-0: Called Strike
0-1: SINGLE (Groundball, 4M, EV 103.8 MPH) (infield hit)
Batting: RHB Mike Zepeda 0-0: Called Strike
Eric Jackson is caught stealing 2nd base 2-4
0-1: Fly out, F8 (Line Drive, 8LD, EV 93.1 MPH)
Batting: RHB J.J. Basil 0-0: Ball
1-0: Ball
2-0: Swinging Strike
2-1: Foul Ball, location: 2F
2-2: Strikes out swinging
Top of the 1st over - 0 runs, 1 hit, 0 errors, 0 left on base; Aberdeen 0 - Los Angeles (NYP) 0
BOTTOM OF THE 1ST
Los Angeles (NYP) Angels batting - Pitching for Aberdeen Ironbirds : RHP Jonathan Spicer
Pitching: RHP Jonathan Spicer
Batting: RHB Khalil Thurston 0-0: Ball
1-0: Swinging Strike
1-1: Foul Ball, location: 2F
1-2: Foul Ball, location: 2F
1-2: Foul Ball, location: 2F
1-2: Ball
2-2: Ball
3-2: SINGLE (Flyball, 9, EV 98.1 MPH)
Batting: RHB Danny Bjarnson 0-0: Ball
Khalil Thurston is caught stealing 2nd base 2-4
1-0: Ball
2-0: Called Strike
2-1: Foul Ball, location: 2F
2-2: Strikes out looking
Batting: RHB Jon Griffin 0-0: Ball
1-0: Swinging Strike
1-1: Called Strike
1-2: Ball
2-2: Foul Ball, location: 2F
2-2: Ball
3-2: SINGLE (Groundball, 56D, EV 108.8 MPH)
Batting: LHB Bill Kirtley 0-0: Ball
1-0: Ball
2-0: Foul Ball, location: 2F
2-1: Foul Ball, location: 2F
2-2: Ball
3-2: Strikes out swinging
Bottom of the 1st over - 0 runs, 2 hits, 0 errors, 1 left on base; Aberdeen 0 - Los Angeles (NYP) 0
TOP OF THE 2ND
Aberdeen Ironbirds batting - Pitching for Los Angeles (NYP) Angels : RHP Tim Anderson
Batting: RHB Alex Valencia 0-0: Ball
1-0: Swinging Strike
1-1: Foul Ball, location: 2F
1-2: Ground out 2-3 (Groundball, 15S, EV 73.1 MPH)
Batting: RHB Juan Estrada 0-0: Ball
1-0: DOUBLE (Line Drive, 8LXD, EV 104.4 MPH)
Batting: RHB Fernando Bravo 0-0: Ball
1-0: Swinging Strike
1-1: Ball
Juan Estrada steals 3rd base
2-1: Foul Ball, location: 2F
2-2: Ball
3-2: Strikes out swinging
Batting: RHB Lee Deason 0-0: Ball
1-0: Foul Ball, location: 2F
1-1: Ball
2-1: Foul Ball, location: 2F
2-2: Ball
3-2: Foul Ball, location: 2F
3-2: Strikes out swinging
Top of the 2nd over - 0 runs, 1 hit, 0 errors, 1 left on base; Aberdeen 0 - Los Angeles (NYP) 0
BOTTOM OF THE 2ND
Los Angeles (NYP) Angels batting - Pitching for Aberdeen Ironbirds : RHP Jonathan Spicer
Batting: RHB Pat Crawley 0-0: Foul Ball, location: 2F
0-1: Ball
1-1: Ball
2-1: Swinging Strike
2-2: Strikes out swinging
Batting: LHB Edgar van der Meeren 0-0: Foul Ball, location: 2F
0-1: Called Strike
0-2: Ball
1-2: Ball
2-2: Ball
3-2: DOUBLE (Line Drive, 89XD, EV 105.0 MPH)
Batting: LHB Mark Reeg 0-0: Called Strike
0-1: Foul Ball, location: 2F
0-2: Ball
1-2: Foul Ball, location: 2F
1-2: SINGLE (Groundball, 34D, EV 102.5 MPH)
Edgar van der Meeren to third
Runner from 3rd tries for Home, throw by RF and OUT! 9-2
Mark Reeg to second
Batting: RHB Tristan Lewis 0-0: Ball
1-0: Foul Ball, location: 2F
1-1: Called Strike
1-2: Strikes out swinging
Bottom of the 2nd over - 0 runs, 2 hits, 0 errors, 1 left on base; Aberdeen 0 - Los Angeles (NYP) 0
TOP OF THE 3RD
Aberdeen Ironbirds batting - Pitching for Los Angeles (NYP) Angels : RHP Tim Anderson
Batting: RHB Ryan Vest 0-0: Foul Ball, location: 2F
0-1: Fly out, F8 (Flyball, 8RD, EV 98.1 MPH)
Batting: RHB Ioan Biros 0-0: Ball
1-0: Fly out, F7 (Flyball, 7, EV 88.1 MPH)
Batting: LHB Eric Jackson 0-0: Ball
1-0: Ball
2-0: Ball
3-0: Called Strike
3-1: Foul Ball, location: 2F
3-2: Base on Balls
Batting: RHB Mike Zepeda 0-0: Ball
Eric Jackson steals 2nd base
1-0: Foul Ball, location: 2F
1-1: Foul Ball, location: 2F
1-2: Strikes out swinging
Top of the 3rd over - 0 runs, 0 hits, 0 errors, 1 left on base; Aberdeen 0 - Los Angeles (NYP) 0
BOTTOM OF THE 3RD
Los Angeles (NYP) Angels batting - Pitching for Aberdeen Ironbirds : RHP Jonathan Spicer
Batting: SHB Tim Connell 0-0: Called Strike
0-1: Foul Ball, location: 2F
0-2: Ball
1-2: Strikes out swinging
Batting: RHB Khalil Thurston 0-0: Fly out, F9 (Flyball, 9S, EV 80.6 MPH)
Batting: RHB Danny Bjarnson 0-0: Called Strike
0-1: Ground out 4-3 (Groundball, 4, EV 81.2 MPH)
Bottom of the 3rd over - 0 runs, 0 hits, 0 errors, 0 left on base; Aberdeen 0 - Los Angeles (NYP) 0
TOP OF THE 4TH
Aberdeen Ironbirds batting - Pitching for Los Angeles (NYP) Angels : RHP Tim Anderson
Batting: RHB J.J. Basil 0-0: Ball
1-0: Ball
2-0: Ball
3-0: Base on Balls
Batting: RHB Alex Valencia 0-0: Called Strike
J.J. Basil steals 2nd base (no throw)
0-1: Swinging Strike
0-2: Fly out, F7 (Flyball, 78S, EV 80.0 MPH)
Batting: RHB Juan Estrada 0-0: Called Strike
J.J. Basil steals 3rd base
0-1: Foul Ball, location: 2F
0-2: Ball
1-2: Ground out 1-3 (Groundball, 15S, EV 66.2 MPH)
Batting: RHB Fernando Bravo 0-0: Ball
1-0: DOUBLE (Groundball, 3L, EV 103.1 MPH)
J.J. Basil scores
Batting: RHB Lee Deason 0-0: Ball
1-0: Called Strike
1-1: Foul Ball, location: 2F
1-2: Ball
2-2: Strikes out swinging
Top of the 4th over - 1 run, 1 hit, 0 errors, 1 left on base; Aberdeen 1 - Los Angeles (NYP) 0
BOTTOM OF THE 4TH
Los Angeles (NYP) Angels batting - Pitching for Aberdeen Ironbirds : RHP Jonathan Spicer
Batting: RHB Jon Griffin 0-0: Ball
1-0: SOLO HOME RUN (Flyball, 7D, EV 96.9 MPH), Distance : 386 ft
Batting: LHB Bill Kirtley 0-0: Ball
1-0: Fly out, F5 (Line Drive, 5, EV 65.6 MPH)
Batting: RHB Pat Crawley 0-0: Foul Ball, location: 2F
0-1: Foul Ball, location: 2F
0-2: Ball
1-2: Ground out 3-1 (Groundball, 34S, EV 84.4 MPH)
Batting: LHB Edgar van der Meeren 0-0: Ball
1-0: Ball
2-0: Swinging Strike
2-1: Called Strike
2-2: Ground out 1-3 (Groundball, 34S, EV 69.4 MPH)
Bottom of the 4th over - 1 run, 1 hit, 0 errors, 0 left on base; Aberdeen 1 - Los Angeles (NYP) 1
TOP OF THE 5TH
Aberdeen Ironbirds batting - Pitching for Los Angeles (NYP) Angels : RHP Tim Anderson
Batting: RHB Ryan Vest 0-0: Ground out 6-3 (Groundball, 6, EV 106.2 MPH)
Batting: RHB Ioan Biros 0-0: Called Strike
0-1: Ball
1-1: Foul Ball, location: 2F
1-2: Ball
2-2: Foul Ball, location: 2F
2-2: Ball
3-2: Foul Ball, location: 2F
3-2: Single, Error in OF, E8, batter to second base (Line Drive, 4M, EV 95.0 MPH)
Batting: LHB Eric Jackson 0-0: Foul Ball, location: 2F
0-1: Foul Ball, location: 2F
0-2: SINGLE (Groundball, 6MD, EV 95.0 MPH)
Ioan Biros to third
Batting: RHB Mike Zepeda 0-0: Ball
Eric Jackson steals 2nd base
1-0: Foul Ball, location: 2F
1-1: Foul Ball, location: 2F
1-2: Ground out 6-3 (Groundball, 6, EV 97.5 MPH)
Ioan Biros scores
Batting: RHB J.J. Basil 0-0: Called Strike
0-1: Ball
1-1: Ball
2-1: Ball
3-1: Base on Balls
Batting: RHB Alex Valencia 0-0: Ball
1-0: SINGLE (Groundball, 6MD, EV 95.6 MPH)
Eric Jackson to third
J.J. Basil to second
Runner from 3rd tries for Home, SAFE, throw by CF to home
Batting: RHB Juan Estrada 0-0: Called Strike
0-1: Ball
1-1: Ball
2-1: Fly out, F9 (Line Drive, 9, EV 97.5 MPH)
Top of the 5th over - 2 runs, 3 hits, 1 error, 2 left on base; Aberdeen 3 - Los Angeles (NYP) 1
BOTTOM OF THE 5TH
Los Angeles (NYP) Angels batting - Pitching for Aberdeen Ironbirds : RHP Jonathan Spicer
Batting: LHB Mark Reeg 0-0: Ball
1-0: SINGLE (Groundball, 4M, EV 85.6 MPH) (infield hit)
Batting: RHB Tristan Lewis 0-0: Fly out, F9 (Flyball, 89D, EV 95.6 MPH)
Batting: SHB Tim Connell 0-0: Called Strike
0-1: SINGLE (Groundball, 34D, EV 111.2 MPH)
Mark Reeg to second
Runner from 2nd tries for 3rd, SAFE, throw by RF made at trailing runner, OUT! 9-6
Batting: RHB Khalil Thurston 0-0: Fly out, F6 (Line Drive, 6, EV 71.2 MPH)
Bottom of the 5th over - 0 runs, 2 hits, 0 errors, 1 left on base; Aberdeen 3 - Los Angeles (NYP) 1
TOP OF THE 6TH
Aberdeen Ironbirds batting - Pitching for Los Angeles (NYP) Angels : RHP Tim Anderson
Batting: RHB Fernando Bravo 0-0: Called Strike
0-1: Swinging Strike
0-2: Strikes out swinging
Batting: RHB Lee Deason 0-0: Called Strike
0-1: Ball
1-1: Ball
2-1: Called Strike
2-2: Strikes out looking
Batting: RHB Ryan Vest 0-0: Called Strike
0-1: Ball
1-1: Ball
2-1: Swinging Strike
2-2: SINGLE (Line Drive, 89S, EV 91.2 MPH)
Batting: RHB Ioan Biros 0-0: Ball
1-0: Ball
2-0: Ball
3-0: Base on Balls
Ryan Vest to second
Batting: LHB Eric Jackson 0-0: Ball
1-0: Ball
2-0: Foul Ball, location: 2F
2-1: Foul Ball, location: 2F
2-2: Ball
3-2: Foul Ball, location: 2F
3-2: Strikes out looking
Top of the 6th over - 0 runs, 1 hit, 0 errors, 2 left on base; Aberdeen 3 - Los Angeles (NYP) 1
BOTTOM OF THE 6TH
Los Angeles (NYP) Angels batting - Pitching for Aberdeen Ironbirds : RHP Jonathan Spicer
Batting: RHB Danny Bjarnson 0-0: Called Strike
0-1: Ball
1-1: Fly out, F9 (Flyball, 89D, EV 93.8 MPH)
Pitching: LHP Josh Binyon
Batting: RHB Jon Griffin 0-0: Ground out U3 (Groundball, 13, EV 83.1 MPH)
Pitching: LHP Vinny Duarte
Batting: LHB Bill Kirtley 0-0: Ball
1-0: Foul Ball, location: 2F
1-1: Foul Ball, location: 2F
1-2: Strikes out swinging passed ball, reaches first!
Batting: RHB Pat Crawley 0-0: DOUBLE (Line Drive, 89D, EV 110.0 MPH)
Bill Kirtley to third
Batting: LHB Edgar van der Meeren 0-0: Ball
1-0: Called Strike
1-1: Foul Ball, location: 2F
1-2: Strikes out looking
Bottom of the 6th over - 0 runs, 1 hit, 0 errors, 2 left on base; Aberdeen 3 - Los Angeles (NYP) 1
TOP OF THE 7TH
Aberdeen Ironbirds batting - Pitching for Los Angeles (NYP) Angels : RHP Tim Anderson
Pitching: RHP Jamie Snyder
Batting: RHB Mike Zepeda 0-0: Ball
1-0: Called Strike
1-1: Foul Ball, location: 2F
1-2: Ball
2-2: Fly out, F8 (Flyball, 8LS, EV 96.9 MPH)
Batting: RHB J.J. Basil 0-0: SINGLE (Groundball, 56D, EV 95.6 MPH)
Batting: RHB Alex Valencia 0-0: Ball
J.J. Basil is caught stealing 2nd base 2-4
1-0: Called Strike
1-1: SOLO HOME RUN (Flyball, 78XD, EV 101.9 MPH), Distance : 425 ft
Batting: RHB Juan Estrada 0-0: Ball
1-0: Foul Ball, location: 2F
1-1: Called Strike
1-2: Ball
2-2: Ball
3-2: Ground out 5-3 (Groundball, 56, EV 86.9 MPH)
Top of the 7th over - 1 run, 2 hits, 0 errors, 0 left on base; Aberdeen 4 - Los Angeles (NYP) 1
BOTTOM OF THE 7TH
Los Angeles (NYP) Angels batting - Pitching for Aberdeen Ironbirds : LHP Vinny Duarte
Pitching: RHP Toshiyuki Funaki
Batting: LHB Mark Reeg 0-0: Ball
1-0: Foul Ball, location: 2F
1-1: Called Strike
1-2: Strikes out swinging
Batting: RHB Tristan Lewis 0-0: Ball
1-0: Ball
2-0: Ball
3-0: Called Strike
3-1: Foul Ball, location: 2F
3-2: Base on Balls
Batting: SHB Tim Connell 0-0: Called Strike
0-1: Ball
1-1: Ball
2-1: Foul Ball, location: 2F
2-2: SINGLE (Groundball, 4S, EV 63.1 MPH) (infield hit)
Tristan Lewis to second
Batting: RHB Khalil Thurston 0-0: Swinging Strike
0-1: Foul Ball, location: 2F
0-2: Ground out U3 (Groundball, 34S, EV 71.2 MPH)
Tristan Lewis to third
Tim Connell to second
Batting: RHB Danny Bjarnson 0-0: Called Strike
0-1: Ball
1-1: SINGLE (Line Drive, 4MD, EV 103.1 MPH)
Tristan Lewis scores
Tim Connell to third
Runner from 3rd tries for Home, SAFE, throw by CF to home
Danny Bjarnson to second
Batting: RHB Jon Griffin 0-0: Called Strike
0-1: Ball
1-1: Called Strike
1-2: SINGLE (Groundball, 6MD, EV 96.9 MPH)
Danny Bjarnson to third
Runner from 3rd tries for Home, SAFE, throw by CF to home
Pitching: LHP Chris Brown
Pinch Hitting: RHB Greg Burdine 0-0: Called Strike
Jon Griffin is caught stealing 2nd base 2-4
Bottom of the 7th over - 3 runs, 3 hits, 0 errors, 0 left on base; Aberdeen 4 - Los Angeles (NYP) 4
TOP OF THE 8TH
Aberdeen Ironbirds batting - Pitching for Los Angeles (NYP) Angels : RHP Jamie Snyder
Now at 2B: Hyeok Kim
Now in LF: Greg Burdine
Pinch Hitting: LHB Shane Free 0-0: Ball
1-0: Called Strike
1-1: Ground out 5-3 (Groundball, 56, EV 92.5 MPH)
Batting: RHB Lee Deason 0-0: Ball
1-0: Called Strike
1-1: Foul Ball, location: 2F
1-2: Ball
2-2: Ball
3-2: Base on Balls
Batting: RHB Ryan Vest 0-0: Fielders Choice at 2nd, 6-4 (Groundball, 6, EV 97.5 MPH)
Batting: RHB Ioan Biros 0-0: Ball
1-0: Swinging Strike
1-1: Ball
2-1: Ground out 1-3 (Groundball, P, EV 75.6 MPH)
Top of the 8th over - 0 runs, 0 hits, 0 errors, 1 left on base; Aberdeen 4 - Los Angeles (NYP) 4
BOTTOM OF THE 8TH
Los Angeles (NYP) Angels batting - Pitching for Aberdeen Ironbirds : LHP Chris Brown
Now at 2B: Shane Free
Now at SS: Lee Deason
Batting: RHB Greg Burdine 0-0: Foul Ball, location: 2F
0-1: Ball
1-1: Swinging Strike
1-2: Foul Ball, location: 2F
1-2: Ball
2-2: Ball
3-2: Foul Ball, location: 2F
3-2: Strikes out swinging
Batting: RHB Pat Crawley 0-0: Called Strike
0-1: Ball
1-1: Ground out 6-3 (Groundball, 6, EV 93.8 MPH)
Batting: LHB Edgar van der Meeren 0-0: Foul Ball, location: 2F
0-1: Foul Ball, location: 2F
0-2: Ball
1-2: SINGLE (Groundball, 6MD, EV 98.1 MPH)
Pinch Hitting: RHB Kinya Nishimura 0-0: Called Strike
0-1: Ball
1-1: Foul Ball, location: 2F
1-2: Ball
2-2: Fly out, F9 (Flyball, 9S, EV 92.5 MPH)
Bottom of the 8th over - 0 runs, 1 hit, 0 errors, 1 left on base; Aberdeen 4 - Los Angeles (NYP) 4
TOP OF THE 9TH
Aberdeen Ironbirds batting - Pitching for Los Angeles (NYP) Angels : RHP Jamie Snyder
Pitching: RHP Manuel Vega
Now at C: Kinya Nishimura
Now at 1B: Edgar van der Meeren
Batting: LHB Eric Jackson 0-0: Ball
1-0: Foul Ball, location: 2F
1-1: Ball
2-1: Swinging Strike
2-2: Foul Ball, location: 2F
2-2: Foul Ball, location: 2F
2-2: Foul Ball, location: 2F
2-2: Ball
3-2: Base on Balls
Batting: RHB Mike Zepeda 0-0: Ball
Eric Jackson steals 2nd base (no throw)
1-0: Ball
2-0: Called Strike
2-1: Ball
3-1: Bunted foul
3-2: Ground out 6-3 (Groundball, 6, EV 85.0 MPH)
Eric Jackson to third
Batting: RHB J.J. Basil 0-0: Intentional Walk
Batting: RHB Alex Valencia 0-0: Called Strike
J.J. Basil steals 2nd base (no throw)
0-1: Foul Ball, location: 2F
0-2: Ball
1-2: Foul Ball, location: 2F
1-2: Ball
2-2: Ball
Wild Pitch!
Eric Jackson scores
J.J. Basil to third
3-2: Intentional Walk
Pitching: RHP Adam Hefner
Batting: RHB Juan Estrada 0-0: Ball
1-0: Ball
2-0: Called Strike
Alex Valencia steals 2nd base
2-1: Called Strike
2-2: Foul Ball, location: 2F
2-2: Foul Ball, location: 2F
2-2: Strikes out swinging
Batting: LHB Shane Free 0-0: Fly out, F4 (Flyball, 4D, EV 93.1 MPH)
Top of the 9th over - 1 run, 0 hits, 0 errors, 2 left on base; Aberdeen 5 - Los Angeles (NYP) 4
BOTTOM OF THE 9TH
Los Angeles (NYP) Angels batting - Pitching for Aberdeen Ironbirds : LHP Chris Brown
Pitching: RHP Jon Grason
Batting: RHB Tristan Lewis 0-0: Called Strike
0-1: Swinging Strike
0-2: Strikes out looking
Batting: SHB Tim Connell 0-0: Foul Ball, location: 2F
0-1: Foul Ball, location: 2F
0-2: Strikes out swinging
Batting: RHB Khalil Thurston 0-0: Swinging Strike
0-1: Ball
1-1: Called Strike
1-2: Strikes out looking
Bottom of the 9th over - 0 runs, 0 hits, 0 errors, 0 left on base; Aberdeen 5 - Los Angeles (NYP) 4
Wednesday, June 22nd , 2022 - OOTP Baseball 23.4 Build 64